 Dungeon Crawl Stone Soup version 0.31-a0-319-g4fced400ed (webtiles) character file.

Game seed: 9013908733807750878

105 senseless the Changeling (level 4, -1/30 HPs)
             Began as an Octopode Shapeshifter on July 18, 2023.
             Slain by an orc
             ... wielding a +0 trident
              (10 damage)
             ... on level 3 of the Dungeon.
             The game lasted 00:04:40 (2215 turns).

senseless the Changeling (Octopode Shapeshifter)    Turns: 2215, Time: 00:04:40

Health: -1/30      AC:  1    Str: 14    XL:     4   Next: 81%
Magic:  4/4        EV: 13    Int: 10    God:
Gold:   170        SH:  0    Dex: 14    Spells: 3/3 levels left

rFire   x .          .
                       - Unarmed
rCold   + . .        (no shield)
rNeg    . . .        (helmet currently unavailable)
rPois   .            h - amulet of faith
rElec   .            g - ring of ice
rCorr   .            (no ring)
SInv    .            (no ring)
Will    .....        (no ring)
Stlth   +++          (no ring)
HPRegen 0.25/turn    (no ring)
MPRegen 0.09/turn    (no ring)
                     (no ring)

%: faith
@: beast-form
A: beast (slay +2), almost no armour, amphibious, 8 rings, camouflage 1,
gelatinous body 1, (nimble swimmer 1), tentacles
a: Begin Untransformation


You were on level 3 of the Dungeon.
You were a hulking beast.
You visited 1 branch of the dungeon, and saw 3 of its levels.

You collected 170 gold pieces.

Inventory:

Jewellery
 g - a ring of ice (left tentacle)
 h - an amulet of faith (around mantle)
Talismans
 b - a beast talisman
Scrolls
 c - 2 scrolls of teleportation
 e - a scroll of identify
Potions
 a - a potion of lignification
 d - a potion of heal wounds
 f - 2 potions of curing
 i - 2 potions of enlightenment
 j - a potion of degeneration {unknown}
 k - a potion of magic {unknown}


   Skills:
 + Level 2.7 Fighting
 + Level 2.5 Dodging
 + Level 2.0 Stealth
 + Level 2.6 Unarmed Combat
 * Level 3.7 Shapeshifting


You had 3 spell levels left.
You didn't know any spells.
Your spell library was empty.

Dungeon Overview and Level Annotations

Branches:
Dungeon (3/15)

Altars:
Ashenzari
Elyvilon


Innate Abilities, Weirdness & Mutations

You are a hulking beast.
Your limbs bulge with bestial killing power. (Slay +2)
You cannot wear most types of armour.
You are amphibious.
You can wear up to eight rings at the same time.
Your skin changes colour to match your surroundings (Stealth+).
Your rubbery body absorbs attacks. (AC +1, EV +1)
((You are camouflaged when in or above water. (Stealth+)))
You have tentacles for arms and can constrict up to eight enemies at once.


Message History

The orc wizard casts a spell.
The orc wizard flickers and vanishes!
Deactivating autopickup; reactivate with Ctrl-A.
The orc hits you but does no damage.
You tentacle-slap the orc. You grab the orc.
The orc is moderately wounded.
You constrict the orc. The orc hits you with a +0 trident.
You tentacle-slap the orc but do no damage.
The orc is moderately wounded.
You constrict the orc. The orc hits you with a +0 trident!
You tentacle-slap the orc but do no damage.
The orc is heavily wounded.
You constrict the orc, but do no damage.
The orc completely misses you. Something hits you.
You tentacle-slap the orc but do no damage.
You squeeze the orc, but do no damage.
The orc is heavily wounded.
You constrict the orc. The orc hits you with a +0 trident. Something hits you.
The orc barely misses you.
You are too injured to fight recklessly!
You are too injured to fight recklessly!
You are too injured to fight recklessly!
You are too injured to fight recklessly!
You are too injured to fight recklessly!
You are too injured to fight recklessly!
You are too injured to fight recklessly!
You are too injured to fight recklessly!
You are too injured to fight recklessly!
You are too injured to fight recklessly!
You are too injured to fight recklessly!
You are too injured to fight recklessly!
You are too injured to fight recklessly!
You are too injured to fight recklessly!
You are too injured to fight recklessly!
You are too injured to fight recklessly!
You are too injured to fight recklessly!
You release your grip on the orc.
Something hits you.
* * * LOW HITPOINT WARNING * * *
The orc hits you from afar with a +0 trident!
You die...

#. .# #. #.# #. #.#
#.# #.# .. #.# #.
#.# ..####o#####.##
.. ......o.h.....#
#.# ..####{#####..#
#># ..........#
#.#####
#####.######.#
##.....#+#.....##
#.#
#......#_#......#
#.#
....)..###......#
#.#
#...............#
#.#
##.#.........#.####
#.#


You could see 2 orcs.

Vanquished Creatures
  A hound (D:2)
  2 adders
  A worm (D:2)
  A dart slug (D:2)
  An orc (D:3)
  4 endoplasms
  A giant cockroach (D:2)
  3 goblins
  3 hobgoblins
  2 jackals (D:3)
  7 quokkas
  13 ball pythons
  2 bats
  4 frilled lizards
  2 kobolds
  4 rats
51 creatures vanquished.

Notes
Turn   | Place    | Note
-------+----------+-------------------------------------------
     0 | D:1      | senseless the Octopode Shapeshifter began the quest for the
                  | Orb.
     0 | D:1      | Reached XP level 1. HP: 14/14 MP: 1/1
   139 | D:1      | Reached XP level 2. HP: 18/19 MP: 2/2
   548 | D:1      | Reached skill level 1 in Stealth
   936 | D:2      | Reached XP level 3. HP: 18/25 MP: 3/3
   983 | D:2      | Reached XP level 4. HP: 26/30 MP: 4/4
  1591 | D:2      | Identified the +5 ring mail "Huoway" {rElec Str+5}
  1689 | D:3      | Found a broken altar of Ashenzari.
  1708 | D:3      | Found a white marble altar of Elyvilon.
  2215 | D:3      | Slain by an orc

Illustrated notes

Levels and vault maps discovered:
D:1:      dpeg_arrival_orchard, layout_basic
D:2:      minmay_razor_zed, layout_rooms, kennysheep_pointless_box,
          amcnicky_mini_rare_corridor_liquid, nrook_mini_vaults
D:3:      layout_loops_ring, elyvilon_altar_4, ashenzari_conservatory_becter,
          nicolae_dithmenos_through_a_glass_darkly

Skill      XL: |  1  2  3  4 |
---------------+-------------+-----
Stealth        | 1 2 |  2.0
Fighting       | |  2.7
Dodging        | |  2.5
Unarmed Combat | |  2.6
Shapeshifting  | |  3.7

Action                     |  1- 3 |  4- 6 || total
---------------------------+-------+-------++-------
  Melee: Unarmed           |    42 |    46 ||    88
         Constrict         |    15 |    14 ||    29
         Tentacles         |     8 |    11 ||    19
         Punch             |     1 |     1 ||     2
    Use: Scroll            |     3 |     3 ||     6
   Stab: Sleeping          |     4 |     6 ||    10
 Armour: Skin              |     4 |     3 ||     7
  Dodge: Dodged            |    21 |    19 ||    40

Table legend: (Time is in decaauts)
 A = Elapsed time spent in this place.
 B = Non-inter-level travel time spent in this place.
 C = Inter-level travel time spent in this place.
 D = Time resting spent in this place.
 E = Time spent auto-exploring this place.
 F = Levels seen in this place.
 G = Mean time per level.
                   A        B        C        D        E       F      G
               +--------+--------+--------+--------+--------+-----+--------+
         Total |   2210 |   2082 |    128 |      0 |   1769 |   3 |  736.7 |
       Dungeon |   2210 |   2082 |    128 |      0 |   1769 |   3 |  736.7 |
               +--------+--------+--------+--------+--------+-----+--------+

Top non-repeatable levels by time:
     D:1: 925 daAuts
     D:2: 720 daAuts
     D:3: 564 daAuts
